Map: Orbital Shipyard

Players

Goose

  • Race: Zerg Zerg
  • League: Platinum

LilDicky - Winner!

  • Race: Terran Terran
  • League: Diamond

VOD

http://www.twitch.tv/tumescentpie

Description

Time

  • Played on: Dec. 10, 2015, 12:43 p.m.
  • Length: 7:32
Show
View Real Time Build Order
Export as new Build Order

Goose Zerg 

Build Orders: Hatch First, Muta Ling Bane 

Get SALT Encoding   

  12  0:02  Drone  
  13  0:13  Overlord  
  13  0:17  Drone  
  14  0:31  Drone  
  14  0:32  Drone  
  16  0:39  Drone  
  17  0:53  Hatchery  
  16  1:06  Drone  
  16  1:11  Spawning Pool  
  16  1:14  Extractor  
  16  1:15  Drone  
  17  1:18  Drone  
  17  1:22  Drone  
  18  1:30  Overlord  
  18  1:41  Drone  
  19  1:50  Drone  
  20  1:58  Queen  
  20  2:01  Drone  
  23  2:15  Queen  
  23  2:17  Drone x3  
  23  2:22  Metabolic Boost  
  28  2:31  Zergling x4  
  30  2:52  Hatchery  
  29  2:59  Drone x2  
  29  3:00  Drone  
  29  3:02  Evolution Chamber  
  29  3:04  Drone  
  32  3:14  Lair  
  32  3:20  Drone x3  
  32  3:25  Overlord  
  35  3:30  Overlord  
  35  3:39  Baneling Nest  
  33  3:48  Extractor  
  32  3:51  Drone  
  32  3:52  Drone x5  
  38  3:58  Zerg Melee Weapons Level 1  
  38  4:11  Drone x3  
  38  4:12  Drone x3  
  44  4:17  Evolution Chamber  
  44  4:18  Extractor  
  44  4:19  Extractor  
  44  4:22  Queen  
  42  4:32  Centrifical Hooks  
  42  4:36  Drone x3  
  45  4:43  Zergling x8  
  49  4:47  Drone x2  
  51  4:56  Overseer  
  51  5:01  Drone x6  
  57  5:12  Spire  
  56  5:16  Drone x2  
  56  5:20  Zerg Ground Armor Level 1  
  58  5:33  Overlord x4  
  58  5:34  Overlord  
  58  5:45  Queen  
  56  6:03  Spore Crawler x2  
  54  6:04  Spore Crawler  
  54  6:07  Spore Crawler  
  54  6:08  Zergling x14  
  54  6:09  Zergling x16  
  62  6:35  Mutalisk x4  
  62  6:36  Mutalisk  
  72  6:40  Baneling x3  
  72  6:41  Baneling x5  
  72  6:51  Mutalisk  
  74  6:57  Mutalisk  
  69  7:13  Zergling x2  
  69  7:14  Zergling x8  
Show
View Real Time Build Order
Export as new Build Order

LilDicky Terran - Winner!

Build Orders: Command Center First (CC) 

Get SALT Encoding   

  12  0:02  SCV  
  13  0:14  SCV  
  13  0:19  Supply Depot  
  14  0:28  SCV  
  15  0:41  SCV  
  16  0:53  SCV  
  17  1:02  Command Center  
  17  1:05  SCV  
  18  1:14  Barracks  
  18  1:18  SCV  
  19  1:36  Refinery  
  19  1:43  SCV  
  20  1:54  Refinery  
  20  1:55  SCV  
  21  2:03  Marine  
  21  2:05  Supply Depot  
  22  2:10  Orbital Command  
  22  2:13  Orbital Command  
  22  2:21  Marine  
  23  2:38  Marine  
  23  2:42  Refinery  
  24  2:48  SCV x2  
  26  2:51  Factory  
  26  2:56  Marine  
  27  3:00  SCV x2  
  29  3:12  SCV x2  
  31  3:14  Marine  
  32  3:24  SCV x2  
  34  3:32  Marine  
  35  3:36  SCV x2  
  37  3:45  Factory Tech Lab  
  37  3:46  Starport  
  37  3:49  SCV x2  
  37  3:50  Armory, Marine  
  40  4:01  SCV  
  40  4:02  SCV  
  42  4:05  Command Center  
  42  4:07  Siege Tank  
  46  4:17  Supply Depot  
  46  4:20  Supply Depot  
  45  4:24  SCV  
  45  4:30  Barracks Reactor  
  46  4:32  Supply Depot  
  46  4:38  Medivac  
  46  4:39  SCV x2  
  46  4:41  Thor  
  56  4:49  Refinery  
  56  4:51  SCV x2  
  56  4:52  Liberator  
  58  5:03  SCV x2  
  60  5:08  Terran Vehicle And Ship Armor Level 1  
  63  5:15  SCV x2  
  64  5:33  Marine x2  
  66  5:40  Siege Tank  
  69  5:44  Liberator  
  69  5:47  Orbital Command  
  69  5:49  SCV x2  
  71  5:51  Marine x2  
  76  6:31  SCV x3  
  79  6:35  Factory, Siege Tank, Marine x2  
  84  6:43  SCV  
  84  6:45  Command Center  
  84  6:47  Command Center  
  85  6:49  Engineering Bay  
  85  6:50  Supply Depot, Starport Reactor  
  85  6:51  Supply Depot  
  85  6:52  Supply Depot  
  85  7:08  SCV  
  85  7:10  SCV  
Tags
 
Add a new tag
Caveats
  • Supply blocks, unpowered buildings, or Contaminate may cause inaccurate times.
  • Supply counts are checked every 10 seconds.